 Dungeon Crawl Stone Soup version 0.30-a0-250-g41c1d76940 (webtiles) character file.

Game seed: 4697330672804172129

18531 Hubris850 the Brawler (level 12, -9/101 HPs)
             Began as a Minotaur Berserker on Oct 12, 2022.
             Was a High Priest of Trog.
             Mangled by a cane toad (15 damage)
             ... on level 3 of the Lair of Beasts.
             The game lasted 00:28:34 (12610 turns).

Hubris850 the Brawler (Minotaur Berserker)         Turns: 12610, Time: 00:28:35

Health: -9/101     AC: 12    Str: 35    XL:     12   Next: 28%
Magic:  11/11      EV: 15    Int:  3    God:    Trog [*****.]
Gold:   1039       SH:  0    Dex: 12    Spells: 11/11 levels left

rFire   . . .      SeeInvis +      - Unarmed
rCold   . . .      Faith    +    (no shield)
rNeg    . . .      Spirit   .    p - +1 scale mail of Dogma {Harm Str+5}
rPois   .          Reflect  .    (helmet restricted)
rElec   .          Harm     +    (no cloak)
rCorr   .          Rampage  .    H - +2 pair of gloves {hurl}
Will    +....                    (no boots)
Stlth   ..........               D - amulet of faith
HPRegen 0.36/turn                k - ring of Hiamaske {Will+ Dex+2 SInv}
MPRegen 0.12/turn                u - +4 ring of evasion

@: lethally poisoned (-9 -> -25)
A: horns 2, retaliatory headbutt, screaming 1, strong 1
a: Renounce Religion, Berserk, Trog's Hand, Brothers in Arms


You were on level 3 of the Lair of Beasts.
You worshipped Trog.
Trog was extremely pleased with you.
You visited 2 branches of the dungeon, and saw 12 of its levels.
You also visited: Bailey.

You collected 1039 gold pieces.

Inventory:

Hand Weapons
 K - a +0 war axe of flaming
Missiles
 c - 9 javelins
 t - 20 boomerangs (quivered)
 v - 6 curare-tipped darts
 S - 34 poisoned darts
Armour
 p - the +1 scale mail of Dogma (worn) {Harm Str+5}
   (You found it on level 9 of the Dungeon)

   Str:       It affects your strength (+5).
   Harm:      It increases damage dealt and taken.
 H - a +2 pair of gloves of hurling (worn)
Jewellery
 k - the ring of Hiamaske (left hand) {Will+ Dex+2 SInv}
   (You acquired it on level 9 of the Dungeon)

   [ring of see invisible]

   Dex:       It affects your dexterity (+2).
   SInv:      It lets you see invisible.
   Will:      It increases your willpower.
 u - a +4 ring of evasion (right hand)
 D - an amulet of faith (around neck)
 J - a ring of poison resistance
Wands
 d - a wand of polymorph (17)
 B - a wand of iceblast (26)
 N - a wand of mindburst (18)
 Z - a wand of flame (33)
Scrolls
 a - a scroll of brand weapon {unknown}
 b - a scroll of enchant weapon
 i - a scroll of torment {unknown}
 r - 3 scrolls of fog
 y - a scroll of fear
 W - 2 scrolls of teleportation
Potions
 h - a potion of berserk rage
 j - a potion of heal wounds
 l - a potion of invisibility
 G - a potion of haste
 T - 2 potions of ambrosia


   Skills:
 - Level 8.0 Fighting
 + Level 10.6 Throwing
 - Level 8.0 Armour
 - Level 2.1 Dodging
 * Level 16.7 Unarmed Combat


You had 11 spell levels left.
You didn't know any spells.
Your spell library was empty.

Dungeon Overview and Level Annotations

Branches:
Dungeon (9/15)             Temple (0/1) D:7            Lair (3/5) D:8
 Spider (0/4) Lair:2          Orc (0/2) D:9          Bailey (visited)
  Swamp: Lair:2-3    Shoals: Lair:2-3

Altars:
Sif Muna

Shops:
D:5 [   D:7 :   D:8 (   D:9 (


Innate Abilities, Weirdness & Mutations

You have a pair of horns on your head.
You reflexively headbutt those who attack you in melee.
You occasionally shout uncontrollably at your foes.
Your muscles are strong. (Str +4, Int/Dex -1)


Message History

The black mamba poisons you!
You hear a bleat!
You are too injured to fight recklessly!
You are too injured to fight recklessly!
Unknown command.
You completely miss the black mamba.
You feel very sick. The black mamba bites you!
The cane toad closely misses you.
You miss the black mamba.
You feel sick. The black mamba closely misses you.
You punch the black mamba!
The black mamba is heavily wounded.
You feel very sick.
The black mamba bites you but does no damage.
The cane toad stings you.
* * * LOW HITPOINT WARNING * * *
The dream sheep closely misses you. The black mamba bites you!
* * * LOW HITPOINT WARNING * * *
You are lethally poisoned!
The black mamba poisons you!
You feel much better.
* * * LOW HITPOINT WARNING * * *
You feel very sick. The cane toad completely misses you.
You furiously retaliate!
You headbutt the cane toad. The black mamba misses you.
You furiously retaliate!
You headbutt the black mamba.
The dream sheep shake their wool and sparkle.
You feel drowsy...
You fall asleep.
A dream sheep comes into view.
The dream sheep bites you.
You wake up.
* * * LOW HITPOINT WARNING * * *
Unknown command.
The cane toad attacks as you move away! The cane toad misses you.
The cane toad attacks as you move away! The cane toad stings you.
* * * LOW HITPOINT WARNING * * *
x2 You feel very sick.
The dream sheep bleats!
The black mamba bites you.
* * * LOW HITPOINT WARNING * * *
The cane toad stings you!
You die...

.....# .....
....# #...#
....#
#...####
###F.....#
#.FSY....#
#<@PY..#.#
#...YYY##
#...#.YY...
##....P....
.......~...
....~≈≈~~~.#
...~~~≈≈≈≈≈~.
..~~≈≈≈~≈≈~~


You could see a black mamba, 2 cane toads and 7 dream sheep.

Vanquished Creatures
  A hydra (Lair:2)
  A deep elf zephyrmancer (D:7)
  A cyclops (D:9)
  A manticore (D:9)
  3 elephants (Lair:2)
  Maurice (D:8)
  The ghost of wellesgreysong the Destroyer, a novice DECj of Vehumet (D:7)
  Maggie (D:6)
  4 cane toads
  5 komodo dragons
  The ghost of sleeves the Cleaver, an amateur MiCA of Ignis (D:5)
  8 blink frogs (Lair:2)
  A hornet (D:8)
  7 spriggans (D:9)
  A wyvern (Lair:2)
  14 yaks
  3 basilisks (D:8)
  Duvessa (D:7)
  11 water moccasins
  6 orc warriors
  A swamp drake (D:8)
  2 ice beasts (D:7)
  2 sky beasts
  2 black bears
  2 ogres
  5 centaurs
  2 phantoms
  9 kobold brigands
  9 bullfrogs
  8 scorpions
  2 necrophages
  21 wights
  Dowan (D:7)
  A howler monkey (D:9)
  2 hounds
  A jelly (D:5)
  3 orc priests
  Jessica (D:2)
  2 gnoll boudas
  3 iguanas
  6 orc wizards
  9 gnolls
  6 adders
  3 shadow imps
  4 worms
  5 dart slugs
  38 orcs
  2 bats
  7 endoplasms
  5 giant cockroaches
  9 hobgoblins
  3 jackals (D:3)
  7 quokkas
  5 ball pythons
  5 frilled lizards
  8 goblins
  17 kobolds
  12 rats
302 creatures vanquished.

Vanquished Creatures (others)
  A fungus (Lair:2)
  A plant (Lair:2)
2 creatures vanquished.

Grand Total: 304 creatures vanquished

Notes
Turn   | Place    | Note
-------+----------+-------------------------------------------
     0 | D:1      | Hubris850 the Minotaur Berserker began the quest for the
                  | Orb.
     0 | D:1      | Reached XP level 1. HP: 19/19 MP: 0/0
   100 | D:1      | Reached skill level 4 in Unarmed Combat
   100 | D:1      | Reached XP level 2. HP: 23/26 MP: 1/1
   670 | D:1      | Reached XP level 3. HP: 31/31 MP: 2/2
   979 | D:2      | Reached ** piety under Trog
  1065 | D:2      | Noticed Jessica
  1070 | D:2      | Killed Jessica
  1071 | D:2      | Reached skill level 1 in Throwing
  1071 | D:2      | Reached skill level 5 in Unarmed Combat
  1071 | D:2      | Reached XP level 4. HP: 24/39 MP: 3/3
  1175 | D:2      | Noticed a scorpion
  1191 | D:2      | Killed a scorpion
  1192 | D:2      | Reached XP level 5. HP: 29/45 MP: 4/4
  1976 | D:3      | Reached skill level 6 in Unarmed Combat
  2578 | D:4      | Reached XP level 6. HP: 51/51 MP: 5/5
  2669 | D:4      | Reached skill level 7 in Unarmed Combat
  2947 | D:4      | Identified the +9 spear of the Moon {venom, rPois rN++
                  | Str-3 Dex+2}
  3061 | D:5      | Entered Level 5 of the Dungeon
  3135 | D:5      | Reached XP level 7. HP: 44/57 MP: 6/6
  3259 | D:5      | Reached skill level 8 in Unarmed Combat
  3620 | D:5      | Reached *** piety under Trog
  3833 | D:5      | Found Enydatam's Armour Shoppe.
  4038 | D:5      | Found a runed translucent gate.
  4038 | D:5      | Found a runed translucent gate.
  4038 | D:5      | Found a runed translucent gate.
  4040 | D:5      | Noticed sleeves's ghost (amateur MiCA)
  4041 | D:5      | Gained mutation: You occasionally shout uncontrollably at
                  | your foes. [potion of mutation]
  4041 | D:5      | Gained mutation: Your muscles are strong. (Str +4, Int/Dex
                  | -1) [potion of mutation]
  4056 | D:5      | Killed sleeves's ghost
  4057 | D:5      | Reached skill level 9 in Unarmed Combat
  4057 | D:5      | Reached XP level 8. HP: 43/64 MP: 7/7
  4318 | D:6      | Reached skill level 5 in Throwing
  4592 | D:6      | Reached skill level 10 in Unarmed Combat
  5249 | D:7      | Noticed Maggie
  5249 | D:7      | Found Bimedoymapn's Book Shoppe.
  5262 | D:6      | Killed Maggie
  5263 | D:6      | Reached skill level 11 in Unarmed Combat
  5263 | D:6      | Reached XP level 9. HP: 70/70 MP: 8/8
  5376 | D:7      | Noticed Dowan
  5385 | D:7      | Found a shimmering blue altar of Sif Muna.
  5387 | D:7      | Noticed Duvessa
  5394 | D:7      | Killed Duvessa
  5397 | D:7      | Killed Dowan
  5498 | D:7      | Reached skill level 12 in Unarmed Combat
  5503 | D:7      | Identified the +1 leather armour of the Trout {rPois rN++}
  5669 | D:7      | Found a runed translucent door.
  5670 | D:7      | Noticed wellesgreysong's ghost (novice DECj)
  5701 | D:7      | Killed wellesgreysong's ghost
  5784 | D:7      | Identified the +5 hand axe "Gapuat" {vorpal, *Rage *Slow
                  | rElec Will+++}
  5804 | D:7      | Reached **** piety under Trog
  6053 | D:7      | Found a staircase to the Ecumenical Temple.
  6190 | D:7      | Reached skill level 13 in Unarmed Combat
  6571 | D:7      | Noticed a deep elf zephyrmancer
  6576 | D:7      | Killed a deep elf zephyrmancer
  6577 | D:7      | Reached XP level 10. HP: 54/77 MP: 9/9
  7326 | D:8      | Noticed Maurice
  7343 | D:8      | Killed Maurice
  7344 | D:8      | Reached skill level 14 in Unarmed Combat
  7556 | D:8      | Reached skill level 5 in Fighting
  7857 | D:8      | Found Tialuom's Weapon Shoppe.
  7950 | D:8      | HP: 4/121 [basilisk (11)]
  8299 | D:8      | Found a staircase to the Lair.
  8460 | D:9      | Found a flagged portal.
  8485 | Bailey   | Entered a bailey
  8506 | Bailey   | Reached skill level 5 in Armour
  8711 | Bailey   | Reached XP level 11. HP: 75/89 MP: 10/10
  8725 | Bailey   | Found a burning altar of Makhleb.
  9035 | D:9      | Reached ***** piety under Trog
  9096 | D:9      | Reached skill level 15 in Unarmed Combat
  9651 | D:9      | Found Tacavoig's Weapon Shoppe.
  9677 | D:9      | Identified a scroll of acquirement
  9678 | D:9      | Acquired the ring of Hiamaske {Will+ Dex+2 SInv}
  9719 | D:9      | Found a staircase to the Orcish Mines.
  9764 | D:9      | Identified the +5 quick blade of Trog's Displeasure
                  | {vorpal, rN+ Str+5} (Trog gifted it to you on level 9 of
                  | the Dungeon)
  9764 | D:9      | Received a gift from Trog
  9921 | D:9      | Identified the +1 scale mail of Dogma {Harm Str+5}
 10351 | Lair:1   | Entered Level 1 of the Lair of Beasts
 11304 | Lair:2   | Reached skill level 10 in Throwing
 11344 | Lair:2   | Noticed a six-headed hydra
 11352 | Lair:2   | Killed a five-headed hydra
 11723 | Lair:2   | Found a hole to the Spider Nest.
 11733 | Lair:2   | Reached skill level 16 in Unarmed Combat
 11747 | Lair:2   | Reached XP level 12. HP: 101/101 MP: 11/11
 12300 | Lair:2   | Identified the +0 leather armour of Immorality {SInv}
 12610 | Lair:3   | Mangled by a cane toad

Illustrated notes

Levels and vault maps discovered:
D:1:      dpeg_arrival_rooms_b, layout_loops_corners
D:2:      layout_basic, uniq_jessica
D:3:      layout_basic
D:4:      layout_gridville, kennysheep_nondescript
D:5:      layout_basic, serial_shops, nicolae_shop_behind_doors,
          ebering_ghost_rock_garden, minmay_tree_intersection
D:6:      layout_basic, minmay_misc_feat_hallway
D:7:      layout_basic, nicolae_sif_muna_condensation,
          minmay_temple_entry_trees, gammafunk_ghost_grave, serial_shops,
          nicolae_stop_n_shop_1, guppyfry_early_elven_hall, uniq_duvessa,
          uniq_maggie
D:8:      layout_gridville, erik_lair_dragon, serial_shops, shop, uniq_maurice
D:9:      kb_forest_paths, layout_basic, hiddenorc2_lemuel, serial_shops,
          shop_statue, enter_bailey_2
Lair:1:   layout_small_grid
Lair:2:   layout_hall_layers, nicolae_spider_entry_non_spiders,
          grunt_megastairs_2
Lair:3:   layout_loops_ring, minmay_swamp_entry_wisps, beast_lair_carwin_10,
          infiniplex_staircase_pool_2

Skill      XL: |  1  2  3  4  5  6  7  8  9 10 11 12 |
---------------+-------------------------------------+-----
Unarmed Combat | 4 5 6 7 9 11 13 14 16 | 16.7
Throwing       | 1 2 3 4 6 8 9 10 | 10.6
Fighting       | 5 8 |  8.0
Armour         | 5 7 8 |  8.0
Dodging        | |  2.1

Action                   |  1- 3 |  4- 6 |  7- 9 | 10-12 || total
-------------------------+-------+-------+-------+-------++-------
Melee: Unarmed           |    51 |   110 |   195 |   383 ||   739
       Punch             |     1 |       |     9 |    15 ||    25
       Headbutt          |     6 |    15 |    34 |    73 ||   128
       War axe           |       |       |       |     3 ||     3
Throw: Boomerang         |       |    11 |    11 |    24 ||    46
       Javelin           |       |       |       |     2 ||     2
Invok: Berserk           |       |     2 |     3 |     5 ||    10
       Trog's Hand       |       |       |       |     4 ||     4
  Use: Potion            |       |       |     2 |     5 ||     7
       Scroll            |       |       |       |    21 ||    21
 Stab: Sleeping          |       |     1 |       |       ||     1
Armor: Animal skin       |     9 |    21 |     4 |       ||    34
       Plate armour      |       |       |    12 |       ||    12
       Leather armour    |       |       |     1 |       ||     1
       Acid dragon scale |       |       |    22 |    42 ||    64
       Scale mail        |       |       |       |    31 ||    31
Dodge: Dodged            |    35 |    64 |   138 |   221 ||   458

Table legend: (Time is in decaauts)
 A = Elapsed time spent in this place.
 B = Non-inter-level travel time spent in this place.
 C = Inter-level travel time spent in this place.
 D = Time resting spent in this place.
 E = Time spent auto-exploring this place.
 F = Levels seen in this place.
 G = Mean time per level.
                   A        B        C        D        E       F      G
               +--------+--------+--------+--------+--------+-----+--------+
         Total |  12547 |  12200 |    347 |   2340 |   7872 |  13 |  965.2 |
       Dungeon |   9907 |   9628 |    279 |   1566 |   6563 |   9 | 1100.8 |
          Lair |   2224 |   2156 |     68 |    520 |   1309 |   3 |  741.3 |
        Bailey |    416 |    416 |      0 |    253 |      0 |   1 |  416.0 |
               +--------+--------+--------+--------+--------+-----+--------+

Top non-repeatable levels by time:
     D:8: 1854 daAuts
     D:9: 1387 daAuts
     D:7: 1367 daAuts
  Lair:2: 1287 daAuts
     D:5: 1157 daAuts
     D:6: 1078 daAuts
     D:2: 977 daAuts
  Lair:1: 928 daAuts
     D:1: 910 daAuts
     D:4: 631 daAuts
     D:3: 543 daAuts
  Bailey: 416 daAuts
  Lair:3: 8 daAuts
